 Dungeon Crawl Stone Soup version 0.19-a0-503-g45a6586 (webtiles) character file.

196 mistymad the Vexing (level 5, 0/38 HPs)
             Began as a Vampire Enchanter on June 5, 2016.
             Slain by Natasha (7 damage)
             ... on level 3 of the Dungeon.
             The game lasted 00:06:38 (3369 turns).

mistymad the Vexing (Vampire Enchanter)             Turns: 3369, Time: 00:06:39

Health: 0/38       AC:  4    Str:  7    XL:     5   Next: 46%
Magic:  0/9        EV: 14    Int: 17    God:
Gold:   113        SH:  0    Dex: 16    Spells: 3 memorised, 3 levels left

rFire  . . .     SeeInvis +     a - +1 dagger
rCold  + . .     Gourm    .     b - +1 robe
rNeg   + + .     Faith    .     (no shield)
rPois  +         Spirit   .     e - +0 helmet
rElec  .         Dismiss  .     (no cloak)
rCorr  .         Reflect  .     (no gloves)
SustAt .         Harm     .     (no boots)
MR     .....                    (no amulet)
Stlth  +++.......               (no ring)
                                (no ring)

@: very slightly contaminated, regenerating slowly, slowed, very slow, not
resistant to hostile enchantments, fairly stealthy
A: fangs 3, see invisible, unbreathing
a: Bat Form


You were on level 3 of the Dungeon.
You were thirsty.

You visited 1 branch of the dungeon, and saw 3 of its levels.

You collected 113 gold pieces.

Inventory:

Hand Weapons
 a - a +1 dagger (weapon)
Armour
 b - a +1 robe (worn)
 e - a +0 helmet (worn)
Scrolls
 g - 3 scrolls of identify {unknown}
 h - a scroll of teleportation {unknown}
 m - a scroll of enchant weapon {unknown}
 o - a scroll of blinking {unknown}
 p - a scroll of amnesia {unknown}
 q - a scroll of noise {unknown}
Potions
 d - 17 potions of blood
 f - 4 potions of curing {unknown}
 i - 2 potions of heal wounds {unknown}
 j - a potion of brilliance {unknown}
 k - 2 potions of might {unknown}
 l - a potion of agility {unknown}
 n - 2 potions of invisibility {unknown}
 r - a potion of lignification {unknown}
Books
 c - a book of Maledictions

   Spells                             Type                      Level
   a - Corona                         Hexes                        1
   b - Ensorcelled Hibernation        Hexes/Ice                    2
   c - Confuse                        Hexes                        3
   d - Tukima's Dance                 Hexes                        3
   e - Dazzling Spray                 Conjuration/Hexes            3


   Skills:
 + Level 1.6 Fighting
 + Level 2.9 Short Blades
 + Level 3.2 Dodging
 + Level 5.1 Stealth
 + Level 2.7 Spellcasting
 + Level 5.4 Hexes


You had 3 spell levels left.
You knew the following spells:

 Your Spells              Type           Power        Failure   Level  Hunger
a - Corona                Hex            ###....      1%          1    #......
b - Ensorcelled Hibernat  Hex/Ice        ##....       12%         2    ##.....
c - Confuse               Hex            ###.....     8%          3    ###....


Dungeon Overview and Level Annotations

Branches:
Dungeon (3/15)

Altars:
Hepliaklqana

Annotations:
D:3 Natasha, Robin


Innate Abilities, Weirdness & Mutations

You heal slowly.
You have razor-sharp teeth.
You have supernaturally acute eyesight. (SInv)
You can survive without breathing.


Message History

Natasha is almost dead.
Natasha claws you.
The shadow imp sputters.
The shadow imp hits you.
You take 3 damage, and have 16/38 hp.
You hit Natasha but do no damage.
Natasha is almost dead.
Natasha claws you!
* * * LOW HITPOINT WARNING * * *
The crimson imp lashes its tail.
The crimson imp barely misses you. The shadow imp barely misses you.
The crimson imp hits you but does no damage.
You take 10 damage, and have 6/38 hp.
MASSIVE DAMAGE!!
Casting: Confuse
Confirm with . or Enter, or press ? or * to list all spells.
Aiming: Ensorcelled Hibernation
Press: ? - help, Shift-Dir - straight line, f/p - Natasha
Aim: Natasha (almost dead, chance to defeat MR: 42%) Natasha resists with some effort.
Natasha claws you!
You die...

#......# ############
#......# #...........
#......# #.##########
#......# #.........#
#......# ###########.#
#......# #.....# #.#
#....5h# ##.##.# #.#
#....5@####)##.# #.#
#....<.5....##.#####.#
##############.......#
#########


You could see Natasha, 2 crimson imps and a shadow imp.

Vanquished Creatures
  Natasha (D:3)
  A worker ant (D:3)
  A hound zombie (D:3)
  4 adders
  An ooze (D:1)
  2 worms
  4 dart slugs
  3 giant geckos
  An orc (D:3)
  8 bats
  5 giant cockroaches
  11 goblins
  9 hobgoblins
  7 jackals (D:2)
  A quokka (D:3)
  A ball python (D:2)
  7 giant newts
  4 kobolds
  7 rats
78 creatures vanquished.

Notes
Turn   | Place    | Note
--------------------------------------------------------------
     0 | D:1      | mistymad the Vampire Enchanter began the quest for the Orb.
     0 | D:1      | Reached XP level 1. HP: 13/13 MP: 3/3
   343 | D:1      | Reached XP level 2. HP: 19/19 MP: 5/5
   857 | D:1      | Reached XP level 3. HP: 24/25 MP: 6/6
   861 | D:1      | Learned a level 2 spell: Ensorcelled Hibernation
   865 | D:1      | Learned a level 3 spell: Confuse
  1127 | D:2      | Reached skill level 1 in Fighting
  1818 | D:2      | Reached XP level 4. HP: 32/32 MP: 4/7
  1899 | D:2      | Reached skill level 5 in Hexes
  2411 | D:3      | Found a hazy altar of Hepliaklqana.
  2635 | D:3      | Noticed Robin
  2835 | D:3      | Reached skill level 5 in Stealth
  2835 | D:3      | Reached XP level 5. HP: 27/37 MP: 4/9
  3263 | D:3      | Noticed Natasha
  3269 | D:3      | Killed Natasha
  3349 | D:3      | Noticed Natasha
  3369 | D:3      | Slain by Natasha

Vault maps used:
D:1:      lightli_arrival_flooded_house
D:3:      lemuel_crystal_altar, glass_columns_b, uniq_jessica, uniq_robin,
          uniq_natasha

Skill      XL: |  1  2  3  4 |
---------------+-------------+-----
Fighting       | 1 |  1.6
Short Blades   | 2 |  2.9
Hexes          | 5 |  5.4
Dodging        | 3 |  3.2
Stealth        | 5 |  5.1
Spellcasting   | |  2.7

Action                   |  1- 3 |  4- 6 || total
-------------------------+-------+-------++-------
Melee: Dagger            |   128 |   124 ||   252
       Bite              |     7 |     5 ||    12
 Cast: Ensorcelled Hiber |     7 |    19 ||    26
       Confuse           |       |     3 ||     3
  Use: Potion            |       |     2 ||     2
 Stab: Sleeping          |    17 |    20 ||    37
       Distracted        |     1 |       ||     1
       Confused          |       |     1 ||     1
Armor: Robe              |    33 |    25 ||    58
Dodge: Dodged            |    76 |    80 ||   156
